 Dungeon Crawl Stone Soup version 0.23.2-1-ga50397a (webtiles) character file.

Game seed: 14474476248196368929

495 doot the Magician (level 6, -1/33 HPs)
             Began as a Deep Elf Fire Elementalist on May 21, 2019.
             Shot with an arrow by something (8 damage)
             ... on level 5 of the Dungeon.
             The game lasted 00:10:12 (2764 turns).

doot the Magician (Deep Elf Fire Elementalist)      Turns: 2764, Time: 00:10:13

Health: -1/33      AC:  3    Str:  5    XL:     6   Next: 92%
Magic:  14/17      EV: 13    Int: 22    God:
Gold:   204        SH:  0    Dex: 19    Spells: 7/17 levels left

rFire    + . .     SeeInvis .   (no weapon)
rCold    x . .     Gourm    .   (no shield)
rNeg     . . .     Faith    .   a - +1 robe
rPois    .         Spirit   .   (no helmet)
rElec    .         Reflect  .   (no cloak)
rCorr    .         Harm     .   (no gloves)
MR       .....                  (no boots)
Stlth    +++.......             h - amulet of regeneration
HPRegen  0.51/turn              m - ring of fire
MPRegen  0.15/turn              g - +4 ring of dexterity

@: no status effects
A: no striking features
a: no special abilities


You were on level 5 of the Dungeon.
You were not hungry.

You visited 1 branch of the dungeon, and saw 5 of its levels.

You collected 204 gold pieces.

Inventory:

Armour
 a - a +1 robe (worn)
Jewellery
 g - a +4 ring of dexterity (right hand)
 h - an amulet of regeneration (around neck)
 m - a ring of fire (left hand)
Wands
 o - a wand of flame (18)
Scrolls
 d - 2 scrolls of enchant armour
 f - 3 scrolls of identify
 i - a scroll of teleportation {unknown}
 k - a scroll of remove curse
Potions
 b - 2 potions of invisibility
 j - a potion of lignification {unknown}
 l - a potion of curing {unknown}
 n - a potion of resistance
Comestibles
 c - 7 rations


   Skills:
 + Level 0.3 Fighting
 + Level 2.7 Dodging
 + Level 3.3 Stealth
 + Level 6.2 Spellcasting
 + Level 4.0 Conjurations
 + Level 5.5 Fire Magic


You had 7 spell levels left.
You knew the following spells:

 Your Spells              Type           Power        Failure   Level  Hunger
a - Flame Tongue          Conj/Fire      #####        1%          1    None
b - Throw Flame           Conj/Fire      #####.       1%          2    None
c - Conjure Flame         Conj/Fire      #####...     3%          3    #......
d - Sticky Flame          Conj/Fire      #####...     12%         4    ###....

Your spell library contained the following spells:

 Spells                   Type           Power        Failure   Level  Hunger
 Inner Flame              Hex/Fire       ####....     9%          3    #......
 Fireball                 Conj/Fire      #####.....   34%         5    #####..


Dungeon Overview and Level Annotations

Branches:
Dungeon (5/15)
 Temple: D:4-7

Altars:

Annotations:
D:3 3 runed translucent doors, Borbor's ghost, amateur MfSu; Grinder


Message History

You start resting.
The centaur drinks a potion.
The centaur flickers and vanishes!
Deactivating autopickup; reactivate with Ctrl-A.
Casting: Flame Tongue (safe; 1% risk of failure)
Confirm with . or Enter, or press ? or * to list all spells.
Aiming: Conjure Flame (safe; 3% risk of failure)
Press: ? - help, Dir - move target cursor You feel a surge of power!
The fire ignites!
You hear a twanging sound.
An arrow appears from out of thin air!
The arrow hits you.
You hear a twanging sound.
An arrow appears from out of thin air!
The arrow hits you!
You see here an arrow.
You hear a twanging sound.
An arrow appears from out of thin air!
The arrow hits you!
* * * LOW HITPOINT WARNING * * *
You see here an arrow.
You hear a twanging sound.
An arrow appears from out of thin air!
The arrow hits you!
You die...

######## #..((..#
.......####ยง#
...c... #.#
.#...#.####(#
.......#..#(#####
.... ..##.@.....#
.#. .#.####.###.#
. .. ...#....#
#.# . ###### #.#
. #.# #. #.# #.
#.# ######. ###.#
#...... #####
#...# #.###..


There were no monsters in sight!

Vanquished Creatures
  A sky beast (D:5)
  An ice beast (D:5)
  A phantom (D:4)
  A centaur (D:4)
  A scorpion (D:4)
  An orc priest (D:4)
  An adder (D:3)
  An adder skeleton (D:4)
  2 leopard geckos (D:2)
  2 orcs (D:4)
  A ball python (D:1)
  4 giant cockroaches
  5 goblins
  6 hobgoblins
  2 jackals (D:1)
  A quokka (D:3)
  4 bats
  3 frilled lizards
  6 kobolds
  6 rats
50 creatures vanquished.

Vanquished Creatures (others)
  A hound (D:4)
  A fungus (D:3)
2 creatures vanquished.

Grand Total: 52 creatures vanquished

Notes
Turn   | Place    | Note
-------+----------+-------------------------------------------
     0 | D:1      | doot the Deep Elf Fire Elementalist began the quest for the
                  | Orb.
     0 | D:1      | Reached XP level 1. HP: 10/10 MP: 6/6
   107 | D:1      | Reached XP level 2. HP: 15/15 MP: 4/8
   154 | D:1      | Learned a level 2 spell: Throw Flame
   907 | D:2      | Reached XP level 3. HP: 19/19 MP: 4/9
   926 | D:2      | Learned a level 3 spell: Conjure Flame
  1298 | D:3      | Noticed Grinder
  1309 | D:3      | Paralysed by Grinder for 7 turns
  1757 | D:3      | Found a runed translucent gate.
  1757 | D:3      | Found a runed translucent gate.
  1757 | D:3      | Found a runed translucent gate.
  1758 | D:3      | Identified the +1 dagger "Cuykko Towo" {chaos, rF+ rN+
                  | Int+3 Stlth-}
  1758 | D:3      | Noticed a big kobold
  1758 | D:3      | Noticed a big kobold
  1758 | D:3      | Noticed Borbor's ghost (amateur MfSu)
  1797 | D:4      | Reached skill level 4 in Spellcasting
  1797 | D:4      | Reached XP level 4. HP: 23/24 MP: 4/12
  1813 | D:4      | Learned a level 4 spell: Sticky Flame
  1916 | D:4      | Reached XP level 5. HP: 28/28 MP: 5/13
  2006 | D:4      | Noticed a phantom
  2018 | D:4      | You fall through a shaft!
  2018 | D:5      | Entered Level 5 of the Dungeon
  2019 | D:5      | Noticed a sky beast
  2289 | D:5      | Killed a sky beast
  2289 | D:5      | Reached skill level 5 in Spellcasting
  2289 | D:5      | Reached skill level 5 in Fire Magic
  2388 | D:5      | Noticed an ice beast
  2399 | D:5      | Killed an ice beast
  2399 | D:5      | Reached XP level 6. HP: 21/32 MP: 3/16
  2639 | D:4      | Reached skill level 6 in Spellcasting
  2684 | D:3      | You fall through a shaft for 2 floors!
  2764 | D:5      | Shot with an arrow by something

Skill      XL: |  1  2  3  4  5  6 |
---------------+-------------------+-----
Fire Magic     | 4 5 |  5.5
Spellcasting   | 4 5 6 |  6.2
Conjurations   | 2 3 4 |  4.0
Stealth        | 3 |  3.3
Fighting       | |  0.3
Dodging        | |  2.7

Action                   |  1- 3 |  4- 6 || total
-------------------------+-------+-------++-------
Melee: Unarmed           |       |     1 ||     1
 Cast: Flame Tongue      |    35 |    34 ||    69
       Throw Flame       |    18 |     4 ||    22
       Conjure Flame     |     4 |     4 ||     8
       Sticky Flame      |       |     2 ||     2
  Use: Potion            |     2 |       ||     2
       Scroll            |       |     4 ||     4
  Eat: Chunk             |     3 |     1 ||     4
       Ration            |       |     1 ||     1
Armor: Robe              |     2 |     3 ||     5
Dodge: Dodged            |     4 |    18 ||    22
